 Dungeon Crawl Stone Soup version 0.26-a0-646-g5d7718319a (webtiles) character file.

Game seed: 10435838670428497939

17 DogServant the Grave Robber (level 2, 21/21 HPs)
             Began as a Demonspawn Necromancer on Sept 24, 2020.
             Quit the game on level 2 of the Dungeon.
             The game lasted 00:01:16 (1565 turns).

DogServant the Grave Robber (DsNe)                  Turns: 1565, Time: 00:01:17

Health: 21/21      AC:  2    Str:  8    XL:     2   Next: 44%
Magic:  5/5        EV: 12    Int: 16    God:
Gold:   56         SH:  0    Dex: 13    Spells: 4/5 levels left

rFire    . . .     SeeInvis +   (no weapon)
rCold    . . .     Faith    .   (no shield)
rNeg     . . .     Spirit   .   a - +0 robe
rPois    .         Reflect  .   (helmet restricted)
rElec    .         Harm     .   (no cloak)
rCorr    .         Rampage  .   (no gloves)
MR       .....                  (no boots)
Stlth    ++........             (no amulet)
HPRegen  0.07/turn              e - ring of see invisible
MPRegen  0.09/turn              (no ring)

@: no status effects
A: horns 1
a: no special abilities


You were on level 2 of the Dungeon.
You visited 1 branch of the dungeon, and saw 2 of its levels.

You collected 56 gold pieces.

Inventory:

Armour
 a - a +0 robe (worn)
Jewellery
 e - a ring of see invisible (left hand)
Scrolls
 b - a scroll of random uselessness {unknown}
 d - a scroll of remove curse {unknown}
 f - a scroll of fog {unknown}
 g - a scroll of teleportation {unknown}
 i - a scroll of identify {unknown}
Potions
 c - a potion of resistance {unknown}
 h - a potion of flight {unknown}


   Skills:
 + Level 1.4 Fighting
 - Level 1.7 Dodging
 - Level 1.7 Stealth
 - Level 2.0 Spellcasting
 + Level 4.8 Necromancy


You had 4 spell levels left.
You knew the following spells:

 Your Spells              Type           Power        Failure   Level
a - Pain                  Necr           ###.         3%          1

Your spell library contained the following spells:

 Spells                   Type           Power        Failure   Level
 Animate Skeleton         Necr           ###...       3%          1
 Vampiric Draining        Necr           ###.......   9%          3
 Animate Dead             Necr           ###.......   28%         4
 Agony                    Necr           ###.....     63%         5


Dungeon Overview and Level Annotations

Branches:
Dungeon (2/15)

Altars:


Innate Abilities, Weirdness & Mutations

You have a pair of small horns on your head.


Message History

Casting: Pain (safe; 3% risk of failure)
Confirm with . or Enter, or press ? or * to list all spells.
Aiming: Pain (safe; 3% risk of failure)
Press: ? - help, Shift-Dir - straight line, f/p - kobold
Aim: a kobold, quivering 2 stones (asleep, chance to defeat MR: 87%)
The kobold shouts!
The kobold writhes in agony.
You kill the kobold!
Your magical contamination has completely faded away.
Done exploring.
Done exploring.
(D) Dungeon
Where to? (? - help)
You see here a leather armour.
There is a stone staircase leading down here.
You climb downwards.
An adder and a rat come into view.
Found a club.
There is a stone staircase leading up here.
Are you sure you want to abandon this character and quit the game? (Confirm with "yes".)

# .
#####.
##....
)...#
...#
#r.#
#@.#
#..#
.....
##..###
#..#
#..#
...#
S..#


You could see an adder (asleep) and a rat.

Vanquished Creatures
  A leopard gecko (D:1)
  2 giant cockroaches (D:1)
  A goblin (D:1)
  A hobgoblin (D:1)
  2 kobolds (D:1)
  5 bats (D:1)
  A frilled lizard (D:1)
  A rat (D:1)
14 creatures vanquished.

Notes
Turn   | Place    | Note
-------+----------+-------------------------------------------
     0 | D:1      | DogServant the Demonspawn Necromancer began the quest for
                  | the Orb.
     0 | D:1      | Reached XP level 1. HP: 13/13 MP: 3/3
   588 | D:1      | Reached skill level 1 in Fighting
   672 | D:1      | Gained mutation: You have a pair of small horns on your
                  | head. [demonic ancestry]
   672 | D:1      | Reached XP level 2. HP: 21/21 MP: 3/5
  1565 | D:2      | Quit the game

Illustrated notes

Levels and vault maps discovered:
D:1:      heliophobic_arrival_dark_side_of_the_moon, layout_basic
D:2:      layout_loops_ring

Skill      XL: |  1 |
---------------+----+-----
Fighting       | 1 |  1.4
Dodging        | |  1.7
Stealth        | |  1.7
Spellcasting   | |  2.0
Necromancy     | |  4.8

Action                   || total
-------------------------++-------
Melee: Unarmed           ||     9
 Cast: Pain              ||    24
Armor: Robe              ||     6
Dodge: Dodged            ||    15

Table legend: (Time is in decaauts)
 A = Elapsed time spent in this place.
 B = Non-inter-level travel time spent in this place.
 C = Inter-level travel time spent in this place.
 D = Time resting spent in this place.
 E = Time spent auto-exploring this place.
 F = Levels seen in this place.
 G = Mean time per level.
                   A        B        C        D        E       F      G
               +--------+--------+--------+--------+--------+-----+--------+
         Total |   1564 |   1472 |     92 |      0 |   1386 |   2 |  782.0 |
       Dungeon |   1564 |   1472 |     92 |      0 |   1386 |   2 |  782.0 |
               +--------+--------+--------+--------+--------+-----+--------+

Top non-repeatable levels by time:
     D:1: 1563 daAuts
     D:2: 0 daAuts
